Kradschützen Motorcycle Team
Kradschützen Motorcycle Team
Selects Armored Support Battlegroup
Construct Light Support Kompanie
Selects Superior Fire Drills
Construct Mechanized Kompanie
Panzerjäger Mechanized Group
Selects Flammpanzer III Medium Tank
Panzerjäger Mechanized Group
Selects Command Panzer IV F Medium Tank
254 Reconnaissance Tractor
Marder III Tank Destroyer
Marder III Tank Destroyer
Marder III Tank Destroyer
Construct Panzerarmee Kommand
Selects Stuka Anti-tank Loiter